 Dungeon Crawl Stone Soup version 0.26-a0-752-gcff87cac9a (webtiles) character file.

Game seed: 13988165399823293843

1905 KristoblXynda the Ruffian (level 8, -8/67 HPs)
             Began as a Troll Hedge Wizard on Nov 6, 2020.
             Was an Initiate of Ashenzari.
             Mangled by an orc warrior
             ... wielding a +1 long sword of freezing
              (9 damage)
             ... on level 6 of the Dungeon.
             The game lasted 00:09:24 (4850 turns).

KristoblXynda the Ruffian (Troll Hedge Wizard)      Turns: 4850, Time: 00:09:25

Health: -8/67      AC: 11    Str: 19    XL:     8   Next: 94%
Magic:  10/10      EV: 12    Int: 12    God:    Ashenzari [......]
Gold:   352        SH:  0    Dex:  9    Spells: 7/11 levels left

rFire    . . .     SeeInvis .     - Unarmed
rCold    . . .     Faith    .   (no shield)
rNeg     . . .     Spirit   .   b - +0 robe
rPois    +         Reflect  .   c - +0 hat
rElec    .         Harm     .   z - +0 cloak
rCorr    .         Rampage  .   (gloves unavailable)
MR       .....                  (boots unavailable)
Stlth    +.........             (no amulet)
HPRegen  0.61/turn              f - +4 ring of protection
MPRegen  0.12/turn              p - ring of poison resistance (curse)

@: no status effects
A: large, unfitting armour, claws 3, regeneration 1, shaggy fur 1, tough skin 3
a: Curse Item, Renounce Religion


You were on level 6 of the Dungeon.
You worshipped Ashenzari.
Ashenzari was noncommittal.
You visited 2 branches of the dungeon, and saw 7 of its levels.

You collected 352 gold pieces.

Inventory:

Armour
 b - a +0 robe (worn)
 c - a +0 hat (worn)
 m - a cursed +0 kite shield
 z - a +0 cloak (worn)
Jewellery
 f - a +4 ring of protection (left claw)
 j - an uncursed ring of protection from fire
 p - a cursed ring of poison resistance (right claw)
Wands
 v - a wand of disintegration (15)
 A - a wand of flame (12)
Scrolls
 d - 2 scrolls of amnesia
 g - 3 scrolls of enchant weapon
 h - 3 scrolls of remove curse
 i - 3 scrolls of teleportation
 k - 4 scrolls of fear
 l - a scroll of random uselessness {unknown}
 r - 5 scrolls of immolation {unknown}
 t - a scroll of noise {unknown}
 u - 3 scrolls of blinking {unknown}
 y - a scroll of fog {unknown}
Potions
 a - 2 potions of might
 e - 2 potions of curing
 n - 2 potions of heal wounds
 o - a potion of cancellation
 s - a potion of lignification
 x - a potion of haste


   Skills:
 + Level 5.8 Dodging
 - Level 1.0 Stealth
 + Level 6.5 Unarmed Combat
 - Level 2.0 Spellcasting
 + Level 5.0 Conjurations
   Level 0.6 Summonings
   Level 0.6 Translocations


You had 7 spell levels left.
You knew the following spells:

 Your Spells              Type           Power        Failure   Level
a - Magic Dart            Conj           ##..         3%          1
b - Mephitic Cloud        Conj/Pois/Air  #.......     38%         3

Your spell library contained the following spells:

 Spells                   Type           Power        Failure   Level
 Conjure Flame            Conj/Fire      #.......     28%         3
 Blink                    Tloc           N/A          32%         2
 Call Imp                 Summ           #.......     32%         2
 Slow                     Hex            #.......     38%         2


Dungeon Overview and Level Annotations

Branches:
Dungeon (6/15)             Temple (1/1) D:6

Altars:
Ashenzari
Cheibriados
Dithmenos
Elyvilon
Fedhas
Gozag
Hepliaklqana
Kikubaaqudgha
Makhleb
Nemelex Xobeh
Okawaru
Qazlal
Ru
Sif Muna
Trog
Uskayaw
Vehumet
Wu Jian
Xom
Yredelemnul
Zin
The Shining One

Shops:
D:5 [


Innate Abilities, Weirdness & Mutations

You are too large for most types of armour.
You have claws for hands.
Your natural rate of healing is unusually fast.
You are covered in fur. (AC +1)
You have extremely tough skin. (AC +3)


Message History

You closely miss the orc warrior. The orc warrior barely misses you.
You barely miss the orc warrior.
The orc warrior hits you with a +1 long sword of freezing.
The orc warrior freezes you.
You claw the orc warrior!
The orc warrior is heavily wounded.
The orc warrior hits you with a +1 long sword of freezing!!
The orc warrior freezes you.
You closely miss the orc warrior.
The orc warrior is heavily wounded.
You scratch the orc warrior.
The orc warrior is heavily wounded.
The orc warrior hits you with a +1 long sword of freezing!
The orc warrior freezes you.
You closely miss the orc warrior.
The orc warrior is heavily wounded.
The orc warrior hits you with a +1 long sword of freezing!!
* * * LOW HITPOINT WARNING * * *
The orc warrior freezes you!
You die...

#.# #.# #.# ###†#
#...# ###
#.########.##
#.#.........## #
#.#.# ##.....#####.#
...†###.........@o.#
....##.......#######
.......##...##
###.#####..## #..
...## #########


You could see an orc warrior.

Vanquished Creatures
  Grinder (D:3)
  Eustachio (D:5)
  An orc warrior (D:6)
  An ice beast (D:6)
  2 sky beasts
  2 ogres
  A centaur (D:5)
  2 bullfrogs (D:6)
  A scorpion (D:6)
  A centaur zombie (D:6)
  A hound (D:6)
  6 orc priests
  An iguana (D:5)
  3 worker ants
  Natasha (D:2)
  4 orc wizards
  15 adders
  A shadow imp (D:5)
  An ooze (D:4)
  An adder skeleton (D:4)
  2 worms (D:2)
  2 dart slugs
  5 leopard geckos
  22 orcs
  8 giant cockroaches
  6 goblins
  5 hobgoblins
  4 jackals
  4 quokkas
  A ball python (D:4)
  8 bats
  7 frilled lizards
  11 kobolds
  6 rats
138 creatures vanquished.

Vanquished Creatures (others)
  2 plants
2 creatures vanquished.

Grand Total: 140 creatures vanquished

Notes
Turn   | Place    | Note
-------+----------+-------------------------------------------
     0 | D:1      | KristoblXynda the Troll Hedge Wizard began the quest for
                  | the Orb.
     0 | D:1      | Reached XP level 1. HP: 16/16 MP: 2/2
   127 | D:1      | Reached skill level 1 in Conjurations
   168 | D:1      | Reached XP level 2. HP: 24/24 MP: 4/4
   441 | D:1      | Reached skill level 1 in Unarmed Combat
   881 | D:2      | Reached XP level 3. HP: 31/31 MP: 5/5
  1274 | D:2      | Noticed Natasha
  1281 | D:2      | Reached XP level 4. HP: 39/39 MP: 6/6
  1293 | D:2      | Killed Natasha
  1293 | D:2      | Reached skill level 2 in Unarmed Combat
  1341 | D:2      | Reached XP level 5. HP: 39/45 MP: 7/7
  1765 | D:3      | Noticed an ogre
  1779 | D:3      | HP: 2/45 [ogre/+0 giant spiked club (24)]
  1832 | D:3      | Killed an ogre
  1832 | D:3      | Reached skill level 3 in Unarmed Combat
  1832 | D:3      | Reached XP level 6. HP: 30/53 MP: 6/8
  2210 | D:3      | Noticed Grinder
  2218 | D:3      | Paralysed by Grinder for 5 turns
  2227 | D:3      | Killed Grinder
  2587 | D:4      | Reached XP level 7. HP: 55/59 MP: 9/9
  2645 | D:4      | Reached skill level 4 in Unarmed Combat
  3614 | D:5      | Entered Level 5 of the Dungeon
  3614 | D:5      | Noticed Eustachio
  3671 | D:5      | Killed Eustachio
  3671 | D:5      | Reached skill level 5 in Unarmed Combat
  3671 | D:5      | Reached XP level 8. HP: 45/67 MP: 7/10
  3716 | D:5      | Found a sparkling altar of Nemelex Xobeh.
  3770 | D:5      | Found Nuyryll's Antique Armour Emporium.
  4125 | D:4      | Reached skill level 5 in Dodging
  4148 | D:4      | Learned a level 3 spell: Mephitic Cloud
  4319 | D:6      | Reached skill level 6 in Unarmed Combat
  4456 | D:6      | Found a staircase to the Ecumenical Temple.
  4463 | Temple   | Entered the Ecumenical Temple
  4505 | Temple   | Became a worshipper of Ashenzari the Shackled
  4718 | D:6      | Found a radiant altar of Vehumet.
  4780 | D:6      | Reached skill level 5 in Conjurations
  4850 | D:6      | HP: 1/67 [orc warrior/+1 long sword of freezing (21)]
  4850 | D:6      | Mangled by an orc warrior

Illustrated notes

Levels and vault maps discovered:
D:1:      minmay_arrival_four_loops, layout_basic
D:2:      layout_loops_cross, uniq_natasha
D:3:      cheibrodos_old_hovel, layout_basic, uniq_grinder
D:4:      layout_gridville
D:5:      layout_rooms, serial_shops, kennysheep_mini, st_stairs_14,
          nemelex_lonely_heart_becter, uniq_eustachio
D:6:      layout_loops_cross, old_standard_altar, temple_green,
          chequers_serial_rivers_micro_b
Temple:   kilobyte_greek_temple

Skill      XL: |  1  2  3  4  5  6  7  8 |
---------------+-------------------------+-----
Conjurations   | 1 2 3 4 5 |  5.0
Unarmed Combat | 1 2 3 5 6 |  6.5
Dodging        | 2 3 4 5 |  5.8
Stealth        | |  1.0
Spellcasting   | |  2.0
Summonings     | |  0.6
Translocations | |  0.6

Action                   |  1- 3 |  4- 6 |  7- 9 || total
-------------------------+-------+-------+-------++-------
Melee: Unarmed           |   130 |   172 |   292 ||   594
       Punch             |     1 |     3 |     3 ||     7
 Cast: Magic Dart        |       |     8 |    12 ||    20
Invok: Curse Item        |       |       |     1 ||     1
  Use: Scroll            |       |       |    11 ||    11
       Potion            |       |       |     2 ||     2
 Stab: Sleeping          |     3 |     2 |     2 ||     7
Armor: Robe              |    58 |    57 |   132 ||   247
       Skin              |       |       |    13 ||    13
Dodge: Dodged            |    68 |    83 |   177 ||   328

Table legend: (Time is in decaauts)
 A = Elapsed time spent in this place.
 B = Non-inter-level travel time spent in this place.
 C = Inter-level travel time spent in this place.
 D = Time resting spent in this place.
 E = Time spent auto-exploring this place.
 F = Levels seen in this place.
 G = Mean time per level.
                   A        B        C        D        E       F      G
               +--------+--------+--------+--------+--------+-----+--------+
         Total |   4828 |   4647 |    181 |    423 |   2811 |   7 |  689.7 |
       Dungeon |   4682 |   4518 |    164 |    423 |   2731 |   6 |  780.3 |
        Temple |    145 |    128 |     17 |      0 |     80 |   1 |  145.0 |
               +--------+--------+--------+--------+--------+-----+--------+

Top non-repeatable levels by time:
     D:4: 1096 daAuts
     D:3: 987 daAuts
     D:1: 826 daAuts
     D:2: 747 daAuts
     D:6: 531 daAuts
     D:5: 493 daAuts
  Temple: 145 daAuts
